 Dungeon Crawl Stone Soup version 0.26-a0-835-g8259106e14 (webtiles) character file.

Game seed: 3856826223640528385

6781 lunkers the Fighter (level 11, -5/90 HPs)
             Began as a Merfolk Venom Mage on Nov 17, 2020.
             Was a Follower of Ashenzari.
             Slain by Snorg (12 damage)
             ... on level 10 of the Dungeon on Nov 18, 2020.
             The game lasted 00:21:55 (13283 turns).

lunkers the Fighter (Merfolk Venom Mage)           Turns: 13283, Time: 00:21:55

Health: -5/90      AC:  9    Str:  9    XL:     11   Next: 5%
Magic:  12/30      EV: 14    Int: 17    God:    Ashenzari [*.....]
Gold:   517        SH:  5    Dex: 15    Spells: 12/24 levels left

rFire    . . .     SeeInvis +   f - +9 trident of the Smoking Oracle {vorpal, MP+9}
rCold    . . .     Faith    .   (no shield)
rNeg     + . .     Spirit   .   B - +0 ring mail (curse)
rPois    .         Reflect  +   i - +1 helmet (curse)
rElec    .         Harm     .   l - +0 cloak (curse)
rCorr    .         Rampage  .   z - +0 pair of gloves (curse)
MR       .....                  (no boots)
Stlth    +.........             y - amulet of reflection
HPRegen  0.25/turn              D - ring of positive energy
MPRegen  0.22/turn              m - ring of see invisible

@: lethally poisoned (-5 -> -6)
A: change form in water, swift swim, stealthy swim
a: Curse Item, Scrying, Renounce Religion


You were on level 10 of the Dungeon.
You worshipped Ashenzari.
Ashenzari was aware of your devotion.
You visited 2 branches of the dungeon, and saw 11 of its levels.

You collected 517 gold pieces.

Inventory:

Hand Weapons
 f - the +9 trident of the Smoking Oracle (weapon) {vorpal, MP+9}
   (You found it on level 8 of the Dungeon)

   It inflicts extra damage upon your enemies.
   It affects your magic capacity (+9).
 j - the +5 double sword of the Forsaken Brambles {freeze, rC+}
   (You found it on level 9 of the Dungeon)

   It has been specially enchanted to freeze those struck by it, causing extra
   injury to most foes and up to half again as much damage against particularly
   susceptible opponents.
   It can also slow down cold-blooded creatures.
   It protects you from cold.
 s - a +1 spear
Armour
 i - a cursed +1 helmet (worn)
 l - a cursed +0 cloak (worn)
 z - a cursed +0 pair of gloves (worn)
 B - a cursed +0 ring mail (worn)
Jewellery
 m - a ring of see invisible (right hand)
 y - an amulet of reflection (around neck)
 D - a ring of positive energy (left hand)
Wands
 o - a wand of flame (42)
 r - a wand of enslavement (4)
 u - a wand of polymorph (12)
 x - a wand of acid (9)
Scrolls
 a - 3 scrolls of magic mapping
 c - 3 scrolls of enchant weapon
 g - a scroll of enchant armour
 h - a scroll of blinking
 p - 4 scrolls of teleportation
 q - a scroll of fear
 t - 2 scrolls of amnesia
 C - a scroll of identify
Potions
 b - 2 potions of haste
 d - a potion of berserk rage
 e - 5 potions of curing
 k - 5 potions of flight
 n - 2 potions of cancellation
 w - a potion of brilliance
 A - a potion of ambrosia
Miscellaneous
 v - a phantom mirror


   Skills:
 + Level 9.6 Fighting
 - Level 9.0 Polearms
 + Level 8.3 Dodging
 - Level 2.1 Stealth
 - Level 7.0 Spellcasting
 - Level 4.0 Transmutations
 - Level 9.0 Poison Magic


You had 12 spell levels left.
You knew the following spells:

 Your Spells              Type           Power        Failure   Level
a - Poisonous Vapours     Pois/Air       ###...       8%          2
c - Mephitic Cloud        Conj/Pois/Air  ###.....     28%         3
d - Ignite Poison         Fire/Tmut/Pois ###.....     17%         3
e - Olgreb's Toxic Radia  Pois           #####...     8%          4

Your spell library contained the following spells:

 Spells                   Type           Power        Failure   Level
 Sting                    Tmut/Pois      ####         2%          1
 Beastly Appendage        Tmut           ###...       6%          1
 Spider Form              Tmut/Pois      ####......   7%          3
 Wereblood                Tmut           ###.....     10%         2
 Animate Skeleton         Necr           #.....       32%         1
 Apportation              Tloc           #.....       32%         1
 Corona                   Hex            #......      32%         1
 Summon Small Mammal      Summ           #...         32%         1
 Ice Form                 Ice/Tmut       ##......     80%         4
 Blade Hands              Tmut           ###.......   86%         5


Dungeon Overview and Level Annotations

Branches:
Dungeon (10/15)            Temple (1/1) D:6
   Lair: D:8-11         Orc: D:9-12

Altars:
Ashenzari
Cheibriados
Dithmenos
Elyvilon
Fedhas
Gozag
Hepliaklqana
Kikubaaqudgha
Makhleb
Nemelex Xobeh
Okawaru
Qazlal
Ru
Sif Muna
Trog
Uskayaw
Vehumet
Wu Jian
Xom
Yredelemnul
Zin
The Shining One

Annotations:
D:3 3 runed translucent doors, hito's ghost, amateur DsGl
D:10 Snorg


Message History

Snorg looks as sick as possible!
You kill the killer bee! x2
You feel sick. Snorg completely misses you. Snorg claws you.
* * * LOW HITPOINT WARNING * * *
Snorg claws you!
* * * LOW HITPOINT WARNING * * *
Unknown command.
Unknown command.
Unknown command.
Casting: Olgreb's Toxic Radiance (dangerous; 8% risk of failure)
Confirm with . or Enter, or press ? or * to list all spells.
You ignite the poison in your surroundings!
Snorg seems to burn from within!!!
Snorg is heavily wounded.
Snorg is poisoned.
Your toxic aura wanes.
Snorg bites you!!
* * * LOW HITPOINT WARNING * * *
Snorg claws you!
You die...

#########
.....$...
....?....
#........
.######........
........T......
....†..@.......
...............
###............
#............
#....###.....
#.... .....
#.... ....
##### #...


You could see Snorg (berserk, poisoned).

Vanquished Creatures
  Harold (D:8)
  A tengu warrior (D:9)
  A cyclops (shapeshifter) (D:9)
  Joseph (D:7)
  A yak (D:9)
  Grum (D:8)
  Edmund (D:6)
  Duvessa (D:5)
  A sky beast (D:5)
  2 ice beasts (D:9)
  4 ogres
  3 orc warriors
  2 centaurs
  A phantom (D:4)
  3 wolves (D:8)
  A big kobold (D:8)
  6 bullfrogs
  Dowan (D:5)
  4 scorpions
  10 killer bees
  An oklob sapling (D:6)
  5 wights (D:8)
  3 howler monkeys (D:7)
  A vampire bat (D:2)
  A bullfrog zombie (D:9)
  A quasit (D:8)
  5 orc priests
  8 hounds
  Crazy Yiuf (D:2)
  A centaur skeleton (D:8)
  2 jellies (D:9)
  2 orc wizards (D:5)
  3 bullfrog skeletons
  Jessica (D:2)
  Ijyb (D:5)
  Terence (D:3)
  5 worker ants
  A killer bee zombie (D:9)
  A hound skeleton (D:7)
  A howler monkey zombie (D:3)
  9 adders
  4 gnolls (D:7)
  2 shadow imps
  3 white imps
  2 oozes
  3 ufetubi
  2 worms (D:3)
  An adder skeleton (D:9)
  A dart slug (D:2)
  4 leopard geckos
  21 orcs
  A ball python (D:1)
  2 bat skeletons (D:2)
  4 bat zombies (D:2)
  8 giant cockroaches
  3 goblins
  4 hobgoblins
  12 jackals
  5 quokkas
  4 bats
  8 kobolds
  A quokka skeleton (D:5)
  3 rats
198 creatures vanquished.

Vanquished Creatures (collateral kills)
  An orc warrior (D:9)
  An ufetubus (D:9)
2 creatures vanquished.

Vanquished Creatures (others)
  17 plants (D:6)
17 creatures vanquished.

Grand Total: 217 creatures vanquished

Notes
Turn   | Place    | Note
-------+----------+-------------------------------------------
     0 | D:1      | lunkers the Merfolk Venom Mage began the quest for the Orb.
     0 | D:1      | Reached XP level 1. HP: 13/13 MP: 3/3
   124 | D:1      | Reached XP level 2. HP: 14/19 MP: 0/5
   239 | D:1      | Learned a level 2 spell: Poisonous Vapours
  1012 | D:2      | Reached XP level 3. HP: 22/24 MP: 0/6
  1484 | D:2      | Noticed Jessica
  1486 | D:2      | Killed Jessica
  1487 | D:2      | Reached XP level 4. HP: 14/30 MP: 4/7
  2310 | D:2      | Found a runed translucent door.
  2311 | D:2      | Noticed Crazy Yiuf
  2670 | D:2      | Found an ancient bone altar of Kikubaaqudgha.
  2684 | D:2      | Reached skill level 5 in Poison Magic
  3029 | D:3      | Reached XP level 5. HP: 35/35 MP: 6/9
  3227 | D:3      | Learned a level 3 spell: Mephitic Cloud
  3231 | D:3      | Learned a level 3 spell: Ignite Poison
  3263 | D:3      | Found a runed translucent gate.
  3263 | D:3      | Found a runed translucent gate.
  3265 | D:3      | Found a runed translucent gate.
  3268 | D:3      | Noticed hito's ghost (amateur DsGl)
  3269 | D:3      | Noticed a centaur
  3967 | D:3      | Found a sparkling altar of Nemelex Xobeh.
  3989 | D:3      | Noticed Terence
  3994 | D:3      | Killed Terence
  4178 | D:4      | Noticed a phantom
  4386 | D:2      | Killed Crazy Yiuf
  4614 | D:4      | Killed a phantom
  4615 | D:4      | Reached XP level 6. HP: 37/41 MP: 9/11
  5106 | D:4      | Found a basalt altar of Yredelemnul.
  5149 | D:5      | Entered Level 5 of the Dungeon
  5652 | D:5      | Noticed Ijyb
  5680 | D:5      | Killed Ijyb
  5801 | D:5      | Reached XP level 7. HP: 46/46 MP: 4/12
  6413 | D:5      | Noticed Dowan
  6413 | D:5      | Noticed Duvessa
  6424 | D:5      | Killed Duvessa
  6444 | D:5      | Killed Dowan
  6445 | D:5      | Reached XP level 8. HP: 30/52 MP: 1/15
  6782 | D:6      | Found a radiant altar of Vehumet.
  6803 | D:6      | Noticed Edmund
  6821 | D:6      | Killed Edmund
  6822 | D:6      | Reached skill level 5 in Spellcasting
  6828 | D:6      | Learned a level 4 spell: Olgreb's Toxic Radiance
  7029 | D:6      | Found a staircase to the Ecumenical Temple.
  7038 | D:6      | Reached skill level 1 in Fighting
  7919 | Temple   | Entered the Ecumenical Temple
  8330 | D:7      | Noticed Joseph
  8341 | D:7      | Killed Joseph
  8342 | D:7      | Reached XP level 9. HP: 30/71 MP: 1/18
  8830 | D:7      | Found a hide-covered altar of Uskayaw.
  8832 | D:7      | Found a broken altar of Ashenzari.
  8924 | D:7      | Became a worshipper of Ashenzari the Shackled
  9489 | D:8      | Identified the +9 trident of the Smoking Oracle {vorpal,
                  | MP+9}
  9569 | D:8      | Reached skill level 1 in Polearms
  9569 | D:8      | Noticed Grum
  9576 | D:8      | Killed Grum
  9834 | D:8      | Noticed Harold
  9846 | D:8      | Killed Harold
  9847 | D:8      | Reached skill level 5 in Polearms
  9847 | D:8      | Reached XP level 10. HP: 61/80 MP: 10/19
  9986 | D:8      | Reached skill level 5 in Dodging
 10433 | D:8      | Found a radiant altar of Vehumet.
 10905 | D:8      | Reached * piety under Ashenzari
 11702 | D:9      | Noticed a cyclops
 11702 | D:9      | a dream sheep changed into a cyclops
 11708 | D:9      | Killed a cyclops
 11882 | D:9      | Noticed a tengu warrior
 11888 | D:9      | HP: 3/82 [tengu warrior/+1 vorpal dire flail (3)]
 12287 | D:9      | Got the double sword of the Forsaken Brambles {freeze, rC+}
 12290 | D:9      | Identified the +5 double sword of the Forsaken Brambles
                  | {freeze, rC+} (You found it on level 9 of the Dungeon)
 12349 | D:9      | Found a radiant altar of Vehumet.
 12488 | D:9      | Killed a tengu warrior
 13073 | D:9      | Reached XP level 11. HP: 89/89 MP: 21/21
 13270 | D:9      | Identified the cursed +1 plate armour of the Hippo
                  | {Rampage}
 13277 | D:10     | Entered Level 10 of the Dungeon
 13277 | D:10     | Noticed Snorg
 13283 | D:10     | Slain by Snorg

Illustrated notes

Levels and vault maps discovered:
D:1:      dpeg_arrival_arbitrary_a, layout_loops_ring
D:2:      layout_basic, kennysheep_vampire_church, uniq_jessica,
          uniq_crazy_yiuf_cottage
D:3:      layout_basic, gammafunk_ghost_split, nemelex_diamond_rough_becter,
          uniq_terence
D:4:      layout_loops_ring, kennysheep_mini
D:5:      layout_loops_cross, uniq_ijyb, uniq_duvessa
D:6:      layout_basic, minmay_temple_entry_oklob, serial_rivers,
          chequers_serial_rivers_large_b, chequers_serial_rivers_micro_c,
          chequers_serial_rivers_micro_b, chequers_serial_rivers_small_b,
          chequers_serial_rivers_micro_c, chequers_serial_rivers_large_a,
          grunt_decor_clamped, lemuel_statue_altar, uniq_edmund
D:7:      layout_basic, gammafunk_temple_overflow_wave, uniq_joseph
D:8:      layout_cave_pools, vehumet_altar_wand_db, uniq_harold, uniq_grum
D:9:      minmay_the_grid_net [minmay_the_grid_plusring, minmay_the_grid_expand,
          minmay_the_grid_aliased_spiral, minmay_the_grid_spin_star,
          minmay_the_grid_medium_cups, minmay_the_grid_prize_inner_circle],
          layout_stronghold, basic_altar
D:10:     layout_stronghold, erik_lair_orcish_takeover, serial_shops, shop,
          uniq_snorg
Temple:   minmay_crystal_spiral_temple

Skill      XL: |  1  2  3  4  5  6  7  8  9 10 |
---------------+-------------------------------+-----
Poison Magic   | 4 5 6 8 9 |  9.0
Transmutations | 2 3 4 |  4.0
Spellcasting   | 3 4 6 7 |  7.0
Fighting       | 6 8 9 |  9.6
Dodging        | 4 8 |  8.3
Polearms       | 5 9 |  9.0
Stealth        | |  2.1

Action                   |  1- 3 |  4- 6 |  7- 9 | 10-12 || total
-------------------------+-------+-------+-------+-------++-------
Melee: Unarmed           |     3 |    44 |       |       ||    47
       Quarterstaff      |       |    15 |    68 |       ||    83
       Trident           |       |       |     6 |    78 ||    84
 Cast: Sting             |    40 |   137 |    38 |       ||   215
       Poisonous Vapours |     1 |    15 |    53 |    75 ||   144
       Olgreb's Toxic Ra |       |       |    12 |    14 ||    26
       Mephitic Cloud    |       |       |     6 |     4 ||    10
       Ignite Poison     |       |       |     7 |     5 ||    12
Invok: Curse Item        |       |       |     4 |       ||     4
Evoke: Wand              |       |     3 |     2 |     7 ||    12
  Use: Scroll            |       |     5 |    11 |     6 ||    22
       Potion            |       |       |       |     1 ||     1
 Stab: Sleeping          |       |     2 |     1 |       ||     3
       Paralysed         |       |       |     9 |     1 ||    10
Armor: Robe              |     7 |    54 |    13 |       ||    74
       Ring mail         |       |       |    12 |    43 ||    55
Dodge: Dodged            |    20 |   169 |    86 |    99 ||   374
Block: Other             |       |       |       |     3 ||     3

Table legend: (Time is in decaauts)
 A = Elapsed time spent in this place.
 B = Non-inter-level travel time spent in this place.
 C = Inter-level travel time spent in this place.
 D = Time resting spent in this place.
 E = Time spent auto-exploring this place.
 F = Levels seen in this place.
 G = Mean time per level.
                   A        B        C        D        E       F      G
               +--------+--------+--------+--------+--------+-----+--------+
         Total |  13276 |  12522 |    754 |    843 |   9883 |  11 | 1206.9 |
       Dungeon |  13080 |  12410 |    670 |    843 |   9772 |  10 | 1308.0 |
        Temple |    195 |    111 |     84 |      0 |    111 |   1 |  195.0 |
               +--------+--------+--------+--------+--------+-----+--------+

Top non-repeatable levels by time:
     D:9: 2315 daAuts
     D:2: 2283 daAuts
     D:5: 1717 daAuts
     D:8: 1499 daAuts
     D:6: 1246 daAuts
     D:3: 1189 daAuts
     D:7: 1145 daAuts
     D:1: 1024 daAuts
     D:4: 654 daAuts
  Temple: 195 daAuts
    D:10: 5 daAuts
